 Dungeon Crawl Stone Soup version 0.18-a0-1554-g49b38aa (webtiles) character file.

7947 Psiweapon the Basher (level 11, -12/120 HPs)
             Began as an Ogre Berserker on Mar 12, 2016.
             Was an Elder of Trog.
             Mangled by Gastronok (36 damage)
             ... on level 11 of the Dungeon.
             The game lasted 01:16:21 (9867 turns).

Psiweapon the Basher (Ogre Berserker)               Turns: 9867, Time: 01:16:21

Health: -12/120    AC:  6    Str: 24    XL:     11   Next: 23%
Magic:  12/12      EV: 14    Int:  6    God:    Trog [****..]
Gold:   319        SH:  0    Dex: 12    Spells: 0 memorised, 10 levels left

rFire  . . .     SeeInvis .     l - +1 giant spiked club
rCold  . . .     Gourm    .     h - +0 animal skin
rNeg   . . .     Faith    .     (shield currently unavailable)
rPois  +         Spirit   .     (helmet restricted)
rElec  .         Dismiss  .     x - +1 cloak {rPois}
rCorr  .         Reflect  .     (gloves unavailable)
SustAt .         Harm     .     (boots unavailable)
MR     +....                    (no amulet)
Stlth  +.........               (no ring)
                                G - +1 ring of protection

@: about to teleport, slowed, very slow, somewhat resistant to hostile
enchantments, very unstealthy
A: unfitting armour, screaming 2, tough skin 1, no device heal 1
a: Berserk, Trog's Hand, Brothers in Arms, Burn Spellbooks, Renounce Religion


You were on level 11 of the Dungeon.
You worshipped Trog.
Trog was greatly pleased with you.
You were not hungry.

You visited 1 branch of the dungeon, and saw 11 of its levels.

You collected 517 gold pieces.
You spent 198 gold pieces at shops.

Inventory:

Hand Weapons
 a - a +1 whip of venom
 b - a +0 hunting sling
 l - a +1 giant spiked club (weapon)
 u - a +4 quarterstaff of chaos
 y - the +8 halberd of Deflation {pain, rF- rC+ Str+4}
   (You bought it in a shop on level 5 of the Dungeon)

   In the hands of one skilled in necromantic magic, it inflicts extra damage on
   living creatures.
   It affects your strength (+4).
   It makes you vulnerable to fire.
   It protects you from cold.
Missiles
 e - 80 bolts
 g - 165 stones
 s - 11 tomahawks
 t - 69 poisoned needles
 F - 35 sling bullets
 K - 4 large rocks (quivered)
Armour
 h - a +0 animal skin (worn)
 x - a +1 cloak of poison resistance (worn)
Jewellery
 G - a +1 ring of protection (left hand)
Wands
 J - a wand of random effects (4/48)
 L - a wand of slowing (35/48)
 M - a wand of iceblast (3/15)
 N - a wand of polymorph (4/24)
 Q - a wand of iceblast (3/15)
 R - a wand of flame (36/48)
Scrolls
 j - 2 scrolls of teleportation
 p - 2 scrolls of recharging
 q - 5 scrolls of identify
 z - a scroll of fear
 B - 2 scrolls of remove curse
 C - a scroll of fog
 I - a scroll of torment {unknown}
 P - a scroll of vulnerability {unknown}
Potions
 d - a potion of beneficial mutation {unknown}
 i - a potion of resistance {unknown}
 m - 3 potions of brilliance
 o - a potion of mutation {unknown}
 r - 2 potions of cancellation {unknown}
 v - a potion of ambrosia {unknown}
 w - 2 potions of curing
 D - a potion of might {unknown}
 E - 2 potions of flight
 O - a potion of invisibility
 S - a potion of berserk rage {unknown}
Comestibles
 c - 6 bread rations
 f - 2 royal jellies
 k - 3 meat rations
 H - a fruit
 T - 4 chunks of flesh


   Skills:
 - Level 11.0 Fighting
 + Level 12.3(12.4) Maces & Flails
 - Level 2.0(6.0) Staves
 - Level 1.1(3.0) Slings
 - Level 6.0(6.1) Throwing
 + Level 9.0 Dodging
 - Level 1.2 Stealth
 - Level 2.4 Invocations


You had 10 spell levels left.
You didn't know any spells.

Dungeon Overview and Level Annotations

Branches:
Dungeon (11/15)            Temple (0/1) D:5            Lair (0/8) D:9
    Orc (0/2) D:9

Altars:
Okawaru
Pakellas
Ru
Vehumet

Shops:
D:5 (

Annotations:
D:8 exclusion: downstairs
D:11 Gastronok


Innate Abilities, Weirdness & Mutations

You are too large for most types of armour.
You have tough skin (AC +1).
You sometimes yell uncontrollably at your foes.
Potions and wands are less effective at restoring your health.


Message History

The shadow slips into darkness.
The shadow flickers and vanishes!
Deactivating autopickup; reactivate with Ctrl-A.
The shadow strikes at you from the darkness!
Reactivating autopickup.
The spellbook bursts into flames. x2; Trog is delighted!
You can now call in reinforcements.
You feel slightly more hungry. The shadow closely misses you.
The shadow barely misses you.
You sock the shadow!
You destroy the shadow!
Gastronok is engulfed in roaring flames.
You bludgeon Gastronok!!
Gastronok is moderately wounded.
Gastronok bites you!!
* * * LOW HITPOINT WARNING * * *
Read which item? (? for menu, Esc to quit)
As you read the scroll of teleportation, it crumbles to dust.
You feel strangely unstable. Gastronok bites you!!!
You die...

#. #... ##.##### #.##
###......#### ####'##
#...........#####.....#
#......##.....'.....#
#......########.....#
#......# #.[...'
#......# #.....#
#...@..# #.....#
#...w..# #.....#
####ยง### ####+## #..#
##.## #..# #'## ##
#........# +.
#........# ##


You could see Gastronok.

Vanquished Creatures
  A death yak (D:9)
  3 hill giants (D:11)
  Joseph (D:8)
  A troll (D:9)
  Prince Ribbit (D:6)
  Sigmund (D:3)
  A shadow (D:11)
  A yak (D:9)
  A wraith (D:10)
  A hippogriff (D:9)
  A wyvern (D:9)
  A basilisk (D:9)
  A water moccasin (D:10)
  4 black bears
  An ice beast (D:11)
  2 orc warriors
  An eye of draining (D:8)
  2 sky beasts
  4 phantoms
  4 ogres
  5 centaurs
  2 big kobolds
  3 giant frogs
  A scorpion (D:5)
  5 wights (D:9)
  4 killer bees (D:10)
  A howler monkey (D:8)
  8 crimson imps
  2 centaur zombies (D:8)
  A giant frog zombie (D:6)
  2 jellies
  An orc priest (D:7)
  4 giant frog skeletons
  5 hounds
  2 orc wizards
  Crazy Yiuf (D:2)
  8 worker ants
  Ijyb (D:3)
  2 iguanas
  2 hound zombies
  A hound skeleton (D:7)
  2 worker ant zombies
  9 adders
  4 shadow imps
  3 oozes
  5 worms
  2 giant geckos
  18 orcs
  3 giant cockroaches
  9 hobgoblins
  3 jackals (D:5)
  3 quokkas
  8 bats
  8 giant newts
  10 goblins
  A jackal zombie (D:6)
  18 kobolds
  2 quokka skeletons
  6 rats
208 creatures vanquished.

Vanquished Creatures (others)
  An orc (D:9)
1 creature vanquished.

Grand Total: 209 creatures vanquished

Notes
Turn   | Place    | Note
--------------------------------------------------------------
     0 | D:1      | Psiweapon the Ogre Berserker began the quest for the Orb.
     0 | D:1      | Reached XP level 1. HP: 24/24 MP: 1/1
   154 | D:1      | Reached XP level 2. HP: 17/32 MP: 2/2
   823 | D:1      | Reached XP level 3. HP: 36/40 MP: 3/3
  1041 | D:2      | Reached ** piety under Trog
  1218 | D:3      | Reached XP level 4. HP: 49/49 MP: 4/4
  1340 | D:3      | Noticed Sigmund
  1351 | D:3      | Killed Sigmund
  1351 | D:3      | Reached skill level 5 in Maces & Flails
  1351 | D:3      | Reached skill level 1 in Slings
  1351 | D:3      | Reached XP level 5. HP: 55/55 MP: 5/5
  1382 | D:3      | Noticed a phantom
  1413 | D:4      | Reached XP level 6. HP: 21/63 MP: 6/6
  1760 | D:2      | Found a faded altar to an unknown god.
  1774 | D:2      | Reached skill level 1 in Invocations
  2132 | D:2      | Noticed Crazy Yiuf
  2144 | D:2      | Killed Crazy Yiuf
  2465 | D:4      | Killed a phantom
  2465 | D:4      | Reached skill level 5 in Fighting
  2638 | D:5      | Entered Level 5 of the Dungeon
  3022 | D:3      | Reached XP level 7. HP: 72/72 MP: 8/8
  3079 | D:3      | Noticed Ijyb
  3095 | D:3      | Killed Ijyb
  3095 | D:3      | Reached skill level 5 in Dodging
  3392 | D:5      | Found Eppav's Antique Weapon Shoppe.
  3401 | D:5      | Bought an ancient halberd for 198 gold pieces
  3401 | D:5      | Identified the +8 halberd of Deflation {pain, rF- rC+ Str+4} (You bought it in a shop on level 5 of the Dungeon)
  3501 | D:5      | Reached skill level 1 in Staves
  3593 | D:5      | Reached skill level 6 in Maces & Flails
  3601 | D:5      | Reached skill level 1 in Throwing
  3647 | D:5      | Reached *** piety under Trog
  3789 | D:6      | Noticed Prince Ribbit
  3812 | D:6      | Killed Prince Ribbit
  3812 | D:6      | Reached skill level 1 in Stealth
  3812 | D:6      | Reached XP level 8. HP: 46/83 MP: 9/9
  4053 | D:5      | Found a staircase to the Ecumenical Temple.
  4170 | D:5      | Found an iron altar of Okawaru.
  4171 | D:5      | Found a radiant altar of Vehumet.
  4179 | D:5      | Found an oddly glowing altar of Pakellas.
  4708 | D:7      | Reached skill level 7 in Maces & Flails
  4860 | D:8      | Reached skill level 8 in Maces & Flails
  4861 | D:8      | Reached XP level 9. HP: 87/93 MP: 10/10
  4914 | D:8      | Noticed Joseph
  4926 | D:8      | Killed Joseph
  4926 | D:8      | Reached skill level 9 in Maces & Flails
  5217 | D:8      | Reached skill level 10 in Maces & Flails
  5617 | D:9      | Noticed a death yak
  5952 | D:7      | Gained mutation: Your body sometimes deteriorates upon taking damage. [mutagenic meat]
  5953 | D:7      | Gained mutation: You are somewhat resistant to further mutation. [mutagenic meat]
  5955 | D:7      | Lost mutation: Your body sometimes deteriorates upon taking damage. [potion of cure mutation]
  5955 | D:7      | Lost mutation: You are somewhat resistant to further mutation. [potion of cure mutation]
  5956 | D:7      | Gained mutation: You occasionally shout uncontrollably at your foes. [mutagenic meat]
  5957 | D:7      | Gained mutation: Potions and wands are less effective at restoring your health. [mutagenic meat]
  5958 | D:7      | Gained mutation: You sometimes yell uncontrollably at your foes. [mutagenic meat]
  6881 | D:9      | Reached XP level 10. HP: 95/110 MP: 11/11
  7044 | D:9      | Reached skill level 10 in Fighting
  7135 | D:9      | Reached skill level 5 in Throwing
  7468 | D:9      | Found a sacrificial altar of Ru.
  8080 | D:9      | Killed a death yak
  8145 | D:9      | Found a staircase to the Lair.
  8441 | D:9      | Found a staircase to the Orcish Mines.
  8462 | D:10     | Entered Level 10 of the Dungeon
  8594 | D:10     | Reached skill level 11 in Maces & Flails
  8788 | D:11     | Noticed a green ugly thing
  8904 | D:11     | Noticed a hill giant
  8919 | D:11     | Killed a hill giant
  9204 | D:11     | Noticed a hill giant
  9210 | D:11     | Killed a hill giant
  9210 | D:11     | Reached XP level 11. HP: 120/120 MP: 12/12
  9513 | D:10     | Reached skill level 12 in Maces & Flails
  9784 | D:11     | Noticed a hill giant
  9800 | D:11     | Killed a hill giant
  9853 | D:11     | Noticed Gastronok
  9864 | D:11     | Reached **** piety under Trog
  9867 | D:11     | Mangled by Gastronok

Vault maps used:
D:1:      scummos_arrival_forest, st_stairs_12
D:2:      ecumenical_altar_2, minmay_distorted, uniq_crazy_yiuf_cottage
D:3:      uniq_sigmund, uniq_iyjb
D:5:      minitemple, minmay_temple_entry_from_below_b, serial_shops,
          nicolae_shop_crystal, first_bread, hangedman_decor_points
D:6:      fountainhead, moated_statue, uniq_prince_ribbit1
D:7:      kennysheep_generic_room_14
D:8:      uniq_joseph
D:9:      hangedman_ru_absence, dpeg_lair_monsters,
          kennysheep_orc_monster_closet_entryway
D:11:     uniq_grum, uniq_gastronok, uniq_urug

Skill      XL: |  1  2  3  4  5  6  7  8  9 10 11 |
---------------+----------------------------------+-----
Dodging        | 3 4 6 7 8 9 |  9.0
Maces & Flails | 5 6 8 10 11 12 | 12.3
Slings         | 1 |  1.1
Invocations    | 2 |  2.4
Fighting       | 5 6 7 9 11 | 11.0
Staves         | 1 2 |  2.0
Throwing       | 1 4 6 |  6.0
Stealth        | 1 |  1.2

Action                   |  1- 3 |  4- 6 |  7- 9 | 10-12 || total
-------------------------+-------+-------+-------+-------++-------
Melee: Mace              |    79 |     8 |       |       ||    87
       Whip              |    30 |    86 |    55 |    25 ||   196
       Quarterstaff      |       |    36 |    97 |    27 ||   160
       Giant club        |       |       |    93 |       ||    93
       Giant spiked club |       |       |    52 |   122 ||   174
 Fire: Hunting sling     |    11 |       |     1 |       ||    12
       Blowgun           |       |     1 |       |       ||     1
Throw: Tomahawk          |       |     3 |    13 |       ||    16
       Stone             |       |     2 |       |       ||     2
       Large rock        |       |       |     1 |     8 ||     9
Invok: Berserk           |     2 |     1 |     1 |     4 ||     8
       Trog's Hand       |     1 |     5 |     5 |     5 ||    16
       Burn Spellbooks   |       |       |       |     1 ||     1
Evoke: Wand              |       |       |       |     9 ||     9
  Use: Scroll            |       |     3 |     9 |     4 ||    16
       Potion            |       |       |     1 |     3 ||     4
 Stab: Invisible         |       |     1 |       |       ||     1
       Sleeping          |       |       |     1 |       ||     1
  Eat: Chunk             |     2 |     9 |    11 |     6 ||    28
       Meat ration       |       |       |     1 |     1 ||     2
       Bread ration      |       |       |     1 |       ||     1
       Fruit             |       |       |       |     3 ||     3
       Beef jerky        |       |       |       |     2 ||     2
